 Dungeon Crawl Stone Soup version 0.31-a0-435-g2c6fae2916 (webtiles) character file.

Game seed: 15333403721199869035

1640 Xavori the Slasher (level 9, -2/56 HPs)
             Began as a Djinni Chaos Knight on Aug 2, 2023.
             Was a Plaything of Xom.
             Slain by a black bear (8 damage)
             ... on level 6 of the Dungeon.
             The game lasted 00:05:21 (12550 turns).

Xavori the Slasher (Djinni Chaos Knight)           Turns: 12550, Time: 00:05:21

Health: -2/56      AC: 12    Str: 17    XL:     9   Next: 18%
Gold:   338        EV: 13    Int: 16    God:    Xom [....*.] SH:  0 Dex: 15

rFire   + + .        n - +2 great sword (chaos)
rCold   x . .        (shield currently unavailable)
rNeg    . . .        b - +2 leather armour
rPois   ∞            h - +0 hat
rElec   .            (no cloak)
rCorr   .            m - +1 pair of gloves {Stlth+}
SInv    .            (boots unavailable)
Will    .....        (no amulet)
Stlth   +++          (no ring)
HPRegen 1.09/turn    (no ring)
MPRegen 0.00/turn

%: infuse magic (-3 HP)
@: flying
A: sickness immunity, fire resistance 2, cold vulnerability 1, float, innate
caster, HP casting, extra vitality 1, antennae 2, iridescent scales 2, agile 1,
clever 1, frail 1, mutation resistance 1, regeneration 1, shaggy fur 1, strong
1, sturdy frame 1
a: Renounce Religion


You were on level 6 of the Dungeon.
You worshipped Xom.
You were a beloved toy of Xom.
You visited 1 branch of the dungeon, and saw 6 of its levels.

You collected 338 gold pieces.

Inventory:

Hand Weapons
 a - a +0 falchion of chaos
 n - a +2 great sword of chaos (weapon)
Armour
 b - a +2 leather armour (worn)
 h - a +0 hat (worn)
 m - a +1 pair of gloves of stealth (worn)
 q - a +1 helmet
Wands
 d - a wand of roots (11)
 k - a wand of quicksilver (8)
Scrolls
 c - a scroll of butterflies
 e - a scroll of enchant weapon {unknown}
 g - 4 scrolls of identify
 i - 6 scrolls of teleportation
 o - a scroll of enchant armour
Potions
 j - a potion of curing {unknown}
 l - a potion of lignification
 p - a potion of haste {unknown}
 r - a potion of resistance {unknown}
 s - a potion of berserk rage {unknown}


   Skills:
 + Level 4.7 Fighting
 + Level 7.3 Long Blades
 + Level 3.1 Armour
 + Level 4.1 Dodging
 + Level 3.3 Stealth
 * Level 2.6 Spellcasting
 * Level 2.6 Conjurations
 * Level 2.6 Hexes
 * Level 2.6 Summonings
 * Level 2.6 Necromancy
 * Level 2.6 Translocations
 * Level 2.6 Transmutations
 * Level 2.6 Fire Magic
 * Level 2.6 Ice Magic
 * Level 2.6 Air Magic
 * Level 2.6 Earth Magic
 * Level 2.6 Poison Magic


You knew the following spells:

 Your Spells              Type           Power      Damage    Failure   Level
a - Apportation           Tloc           20%        N/A       7%          1
b - Momentum Strike       Conj/Tloc      20%        3d8       10%         2
c - Dazzling Flash        Conj/Hex       20%        N/A       21%         3
d - Summon Guardian Gole  Hex/Summ       10%        N/A       21%         3
Your spell library was empty.

Dungeon Overview and Level Annotations

Branches:
Dungeon (6/15)
 Temple: D:4-7

Altars:
Cheibriados
Dithmenos
Fedhas
Yredelemnul
Zin


Innate Abilities, Weirdness & Mutations

You are immune to sickness and miasma.
You are immune to poison.
Your flesh is very heat resistant. (rF++)
You are vulnerable to cold. (rC-)
You float through the air rather than walking.
You learn spells naturally, not from books.
Your magical power is your life essence.
You have superior vitality. (+4 MHP)
You have a pair of antennae on your head.
You are mostly covered in iridescent scales. (AC +4)
You are agile. (Dex +4, Str/Int -1)
Your mind is acute. (Int +4, Str/Dex -1)
You are frail. (-10% HP)
You are somewhat resistant to further mutation.
Your natural rate of healing is unusually fast.
You are covered in fur. (AC +1)
Your muscles are strong. (Str +4, Int/Dex -1)
Your movements are slightly less encumbered by armour. (ER -2)


Message History

The adder bites you but does no damage. The black bear closely misses you.
The black bear claws you but does no damage. x2
Unknown command.
It was a potion of heal wounds.
You feel much better. The black bear closely misses you.
The black bear barely misses you. x2
The adder bites you but does no damage. The wight barely misses you.
The wight hits you from afar with a +2 spear!
* * * LOW HITPOINT WARNING * * *
You feel much better. The black bear bites you!
The black bear claws you but does no damage.
The black bear closely misses you. The adder closely misses you.
The wight closely misses you. The wight barely misses you.
The black bear barely misses you.
The black bear claws you but does no damage. x2
You closely miss the black bear.
The black bear is almost dead.
The adder bites you. The black bear bites you.
The black bear claws you but does no damage.
The black bear claws you. The adder misses you.
The wight hits you from afar with a +2 spear!
* * * LOW HITPOINT WARNING * * *
The wight hits you but does no damage. The black bear misses you.
The black bear claws you.
* * * LOW HITPOINT WARNING * * *
The black bear claws you.
* * * LOW HITPOINT WARNING * * *
Unknown command.
Unknown command.
You closely miss the black bear.
The black bear is almost dead.
The adder closely misses you.
The black bear bites you but does no damage.
The black bear claws you.
* * * LOW HITPOINT WARNING * * *
You emit a cloud of colourful smoke!
The black bear claws you but does no damage.
The wight misses you. The wight barely misses you.
The adder closely misses you. The black bear bites you!
You die...
Xom chuckles heartily!

.# . #. z.
##.. ,...
#+## #S.
,.z.. ....#
#.##.?...
#..##....#
#....#
###z.##
#@Sz..#
#.zh#5#.....
#.###.#####.#
#. ... # #.##
#.# ... .#


You could see a black bear (berserk, poisoned), 3 wights, an adder and a shadow
imp.

Vanquished Creatures
  The ghost of GrumpyGrim72 the Conjurer, a novice OpCj (D:4)
  Grinder (D:3)
  Eustachio (D:5)
  An ice beast (D:5)
  3 phantoms
  A scorpion (D:5)
  A wight (D:5)
  A howler monkey (D:5)
  2 orc priests
  2 jellies (D:5)
  2 iguanas
  2 orc wizards
  A sleepcap (D:5)
  Terence (D:2)
  6 adders
  A white imp (D:4)
  An ufetubus (D:5)
  2 worms (D:3)
  2 dart slugs
  14 orcs
  7 endoplasms
  5 giant cockroaches
  5 goblins
  8 hobgoblins
  4 jackals (D:1)
  10 kobolds
  5 quokkas
  8 ball pythons
  5 bats
  6 rats
109 creatures vanquished.

Vanquished Creatures (collateral kills)
  Sigmund (D:2)
  An orc (D:3)
  2 ball pythons (D:2)
  A rat (D:2)
5 creatures vanquished.

Grand Total: 114 creatures vanquished

Notes
Turn   | Place    | Note
-------+----------+-------------------------------------------
     0 | D:1      | Xavori the Djinni Chaos Knight began the quest for the Orb.
     0 | D:1      | Reached XP level 1. HP: 20/20 MP: 0/0
    59 | D:1      | Reached XP level 2. HP: 22/25 MP: 0/0
   197 | D:1      | Reached skill level 3 in Long Blades
   213 | D:1      | Reached XP level 3. HP: 27/30 MP: 0/0
   213 | D:1      | Learned a level 1 spell: Apportation
   230 | D:1      | Found a faded altar of an unknown god.
   242 | D:1      | XOM: divination: detect creatures
  1031 | D:1      | XOM: silly message
  1083 | D:1      | XOM: noise
  2132 | D:1      | XOM: silly message
  2268 | D:1      | XOM: noise
  2748 | D:1      | XOM: god gift: scroll labelled SAPAYT FOQUESO {god gift}
  3039 | D:1      | XOM: divination: magic mapping
  3417 | D:1      | XOM: silly message
  3639 | D:1      | XOM: god gift: +1 pair of gloves of stealth
  3731 | D:1      | XOM: god gift: Xom's Tome of Uncomfortable Rashes {god
                  | gift}
  3734 | D:1      | Got Xom's Tome of Uncomfortable Rashes {god gift}
  3806 | D:1      | XOM: cloud trail
  4158 | D:1      | XOM: stat loss: -1 Int (12/13)
  4455 | D:1      | XOM: divination: detect items
  4797 | D:1      | XOM: god gift: 3 atropa-tipped darts
  4946 | D:1      | XOM: silly message
  6035 | D:1      | XOM: 1-stop teleportation journey
  6056 | D:1      | XOM: god gift: runed great sword {god gift}
  6367 | D:1      | XOM: noise
  6577 | D:1      | XOM: cloud trail
  7230 | D:1      | XOM: noise
  7325 | D:1      | XOM is BORED!
  7617 | D:1      | XOM: noise
  9566 | D:1      | XOM: give mutations
  9566 | D:1      | Gained mutation: You are frail. (-10% HP) [Xom's mischief]
  9566 | D:1      | Gained mutation: You are weak. (Str -2) [Xom's mischief]
  9566 | D:1      | Gained mutation: Your mind is acute. (Int +4, Str/Dex -1)
                  | [Xom's mischief]
  9615 | D:1      | XOM: give mutations
  9615 | D:1      | Gained mutation: You have a pair of small antennae on your
                  | head. [Xom's mischief]
  9615 | D:1      | Lost mutation: You are weak. (Str -2) [Xom's mischief]
  9615 | D:1      | Gained mutation: Your movements are slightly less
                  | encumbered by armour. (ER -2) [Xom's mischief]
  9796 | D:1      | XOM: 6-stop teleportation journey
  9834 | D:1      | XOM: give mutations
  9834 | D:1      | Gained mutation: You are partially covered in iridescent
                  | scales. (AC +2) [Xom's mischief]
  9834 | D:1      | Gained mutation: Your natural rate of healing is unusually
                  | fast. [Xom's mischief]
  9834 | D:1      | Gained mutation: You are agile. (Dex +4, Str/Int -1) [Xom's
                  | mischief]
  9834 | D:1      | Gained mutation: You are somewhat resistant to further
                  | mutation. [Xom's mischief]
  9940 | D:2      | XOM: 4-stop teleportation journey
  9943 | D:2      | Reached XP level 4. HP: 31/31 MP: 0/0
 10044 | D:2      | Noticed Terence
 10050 | D:2      | Killed Terence
 10153 | D:2      | Noticed Sigmund
 10181 | D:2      | Killed Sigmund
 10182 | D:2      | Reached skill level 1 in Stealth
 10182 | D:2      | Reached skill level 1 in Spellcasting
 10182 | D:2      | Reached skill level 1 in Conjurations
 10182 | D:2      | Reached skill level 1 in Hexes
 10182 | D:2      | Reached skill level 1 in Summonings
 10182 | D:2      | Reached skill level 1 in Necromancy
 10182 | D:2      | Reached skill level 1 in Translocations
 10182 | D:2      | Reached skill level 1 in Transmutations
 10182 | D:2      | Reached skill level 1 in Fire Magic
 10182 | D:2      | Reached skill level 1 in Ice Magic
 10182 | D:2      | Reached skill level 1 in Air Magic
 10182 | D:2      | Reached skill level 1 in Earth Magic
 10182 | D:2      | Reached skill level 1 in Poison Magic
 10182 | D:2      | Reached XP level 5. HP: 34/36 MP: 0/0
 10182 | D:2      | Learned a level 2 spell: Momentum Strike
 10182 | D:2      | Reached XP level 6. HP: 38/41 MP: 0/0
 10531 | D:3      | Found a snail-covered altar of Cheibriados.
 10656 | D:3      | Noticed Grinder
 10656 | D:3      | XOM: swap monsters
 10664 | D:3      | XOM: summons 6 friendly demons
 10667 | D:3      | Killed Grinder
 10668 | D:3      | Reached skill level 4 in Long Blades
 10668 | D:3      | Reached XP level 7. HP: 17/45 MP: 0/0
 10668 | D:3      | Learned a level 3 spell: Dazzling Flash
 10742 | D:3      | Reached skill level 5 in Long Blades
 10792 | D:3      | Found a basalt altar of Yredelemnul.
 11162 | D:4      | XOM: butterfly on damage
 11242 | D:4      | Found a blossoming altar of Fedhas.
 11264 | D:4      | Reached XP level 8. HP: 42/52 MP: 0/0
 11516 | D:4      | Found a glowing silver altar of Zin.
 11887 | D:4      | Found a large runed translucent door.
 11887 | D:4      | Found a large runed translucent door.
 11898 | D:4      | Noticed GrumpyGrim72's ghost (novice OpCj)
 11984 | D:4      | Killed GrumpyGrim72's ghost
 11985 | D:4      | Reached skill level 6 in Long Blades
 12050 | D:5      | Entered Level 5 of the Dungeon
 12054 | D:5      | XOM: 1-stop teleportation journey
 12062 | D:5      | Found a shadowy altar of Dithmenos.
 12123 | D:5      | XOM: give mutations
 12123 | D:5      | Gained mutation: You are mostly covered in iridescent
                  | scales. (AC +4) [Xom's grace]
 12123 | D:5      | Gained mutation: Your muscles are strong. (Str +4, Int/Dex
                  | -1) [Xom's grace]
 12123 | D:5      | Gained mutation: You are covered in fur. (AC +1) [Xom's
                  | grace]
 12123 | D:5      | Gained mutation: You have a pair of antennae on your head.
                  | [Xom's grace]
 12145 | D:5      | XOM: snakes to sticks
 12146 | D:5      | Noticed Eustachio
 12156 | D:5      | Killed Eustachio
 12157 | D:5      | Reached skill level 7 in Long Blades
 12157 | D:5      | Reached XP level 9. HP: 56/56 MP: 0/0
 12157 | D:5      | Learned a level 3 spell: Summon Guardian Golem
 12473 | D:6      | XOM: enchant monster (bad)
 12545 | D:6      | XOM: blink monster(s)
 12546 | D:6      | HP: 2/56 [wight/+0 long sword (7)]
 12550 | D:6      | XOM: smoke on damage
 12550 | D:6      | Slain by a black bear

Illustrated notes

Levels and vault maps discovered:
D:1:      minmay_arrival_arboretum_large, layout_rooms,
          chequers_ecumenical_altar_island, kennysheep_small_spiral,
          minmay_pentomino_s4
D:2:      layout_basic, serial_park_tiny_1, dk_noncrumbling_3, minmay_puff,
          uniq_sigmund, uniq_terence
D:3:      layout_loops_ring, lemuel_doored_altar,
          mainiacjoe_overflow_small_starburst, uniq_grinder
D:4:      layout_loops_ring, mainiacjoe_overflow_boulevard, zin_statuary,
          ebering_ghost_disaster_area, nicolae_concentric_dashed_squares_mild,
          saegor_snake_ambush
D:5:      layout_rooms, nicolae_dithmenos_the_darkroom, uniq_eustachio
D:6:      layout_rooms, minmay_temple_entry_glassed_door,
          hangedman_decor_points, chequers_serial_rivers_micro_a

Skill      XL: |  1  2  3  4  5  6  7  8  9 |
---------------+----------------------------+-----
Long Blades    | 3 4 5 7 |  7.3
Armour         | 3 |  3.1
Stealth        | 1 2 3 |  3.3
Spellcasting   | 1 2 |  2.6
Conjurations   | 1 2 |  2.6
Hexes          | 1 2 |  2.6
Summonings     | 1 2 |  2.6
Necromancy     | 1 2 |  2.6
Translocations | 1 2 |  2.6
Transmutations | 1 2 |  2.6
Fire Magic     | 1 2 |  2.6
Ice Magic      | 1 2 |  2.6
Air Magic      | 1 2 |  2.6
Earth Magic    | 1 2 |  2.6
Poison Magic   | 1 2 |  2.6
Fighting       | 4 |  4.7
Dodging        | 3 4 |  4.1

Action                     |  1- 3 |  4- 6 |  7- 9 || total
---------------------------+-------+-------+-------++-------
  Melee: Falchion          |    89 |       |       ||    89
         Punch             |     1 |       |       ||     1
         Great sword       |     9 |    41 |   154 ||   204
    Use: Scroll            |     1 |     5 |       ||     6
         Potion            |       |       |     3 ||     3
   Stab: Confused          |     1 |       |       ||     1
         Sleeping          |     1 |     9 |     7 ||    17
 Armour: Leather armour    |    50 |    13 |   104 ||   167
         Skin              |       |       |     2 ||     2
  Dodge: Dodged            |    83 |    23 |   136 ||   242

Table legend: (Time is in decaauts)
 A = Elapsed time spent in this place.
 B = Non-inter-level travel time spent in this place.
 C = Inter-level travel time spent in this place.
 D = Time resting spent in this place.
 E = Time spent auto-exploring this place.
 F = Levels seen in this place.
 G = Mean time per level.
                   A        B        C        D        E       F      G
               +--------+--------+--------+--------+--------+-----+--------+
         Total |  12654 |  12366 |    288 |   9169 |   2229 |   6 | 2109.0 |
       Dungeon |  12654 |  12366 |    288 |   9169 |   2229 |   6 | 2109.0 |
               +--------+--------+--------+--------+--------+-----+--------+

Top non-repeatable levels by time:
     D:1: 9700 daAuts
     D:4: 937 daAuts
     D:2: 863 daAuts
     D:3: 633 daAuts
     D:5: 495 daAuts
     D:6: 24 daAuts
